 Dungeon Crawl Stone Soup version 0.23.2-1-ga50397a6bc (webtiles) character file.

Game seed: 13514171525773361988

14 Gargoyl the Skirmisher (level 2, -3/26 HPs)
             Began as a Centaur Abyssal Knight on May 20, 2019.
             Was an Initiate of Lugonu.
             Slain by a gnoll
             ... wielding a +0 spear of piercing
              (4 damage)
             ... on level 1 of the Dungeon.
             The game lasted 00:01:20 (1063 turns).

Gargoyl the Skirmisher (Centaur Abyssal Knight)     Turns: 1063, Time: 00:01:20

Health: -3/26      AC:  6    Str: 14    XL:     2   Next: 31%
Magic:  3/3        EV:  8    Int: 11    God:    Lugonu [......]
Gold:   25         SH:  2    Dex:  8    Spells: 1/1 levels left

rFire    . . .     SeeInvis .   a - +1 hand axe
rCold    . . .     Gourm    .   d - +0 buckler
rNeg     . . .     Faith    .   f - +2 leather armour {MR+}
rPois    .         Spirit   .   (no helmet)
rElec    .         Reflect  .   (no cloak)
rCorr    .         Harm     .   (no gloves)
MR       +....                  (no barding)
Stlth    ..........             e - amulet of rage
HPRegen  0.08/turn              (no ring)
MPRegen  0.08/turn              (no ring)

@: very quick
A: large, hooves 3, deformed body, speed 2, tough skin 3
a: Renounce Religion, Evoke Berserk Rage


You were on level 1 of the Dungeon.
You worshipped Lugonu.
Lugonu was noncommittal.
You were not hungry.

You visited 1 branch of the dungeon, and saw 2 of its levels.
You visited the Abyss 1 time.

You collected 25 gold pieces.

Inventory:

Hand Weapons
 a - a +1 hand axe (weapon)
Armour
 b - a +0 leather armour
 d - a +0 buckler (worn)
 f - a +2 leather armour of magic resistance (worn)
Jewellery
 e - an amulet of rage (around neck)
Scrolls
 g - 4 scrolls of remove curse {unknown}
Potions
 h - a potion of brilliance {unknown}
 i - a potion of degeneration {unknown}
Comestibles
 c - 2 rations


   Skills:
 + Level 3.2 Fighting
 + Level 1.9 Axes
 * Level 1.5 Armour
 + Level 0.6 Dodging
 * Level 0.3 Shields
 * Level 2.3 Invocations


You had one spell level left.
You didn't know any spells.
Your spell library was empty.

Dungeon Overview and Level Annotations

Branches:
Dungeon (2/15)

Altars:


Innate Abilities, Weirdness & Mutations

You have hooves in place of feet.
Armour fits poorly on your strangely shaped body.
You cover ground very quickly.
You have extremely tough skin. (AC +3)


Message History

The gnoll hits you with a +0 whip. The gnoll barely misses you.
You closely miss the gnoll. You barely miss the gnoll.
The gnoll hits you but does no damage. The gnoll barely misses you.
Unknown command.
Your shield prevents you from hitting the gnoll.
You closely miss the gnoll. The gnoll hits you with a +0 whip.
The gnoll hits you with a +0 spear of piercing.
Unknown command.
You hit the gnoll.
The gnoll is moderately wounded.
You hit the gnoll. The gnoll hits you with a +0 whip.
The gnoll hits you but does no damage. The gnoll hits you with a +0 whip.
* * * LOW HITPOINT WARNING * * *
The gnoll hits you with a +0 spear of piercing.
* * * LOW HITPOINT WARNING * * *
x2 You hit the gnoll.
The gnoll is severely wounded.
You hit the gnoll but do no damage. The gnoll hits you but does no damage.
The gnoll hits you with a +0 spear of piercing.
You die...

...# ###### #...# ...#
#....# #####.#.#
############.##.#
#.......#
.............##.#
#.###.###
####.###.#.####)# #.# #.#
.....# #.#.# #.###.###.#
...#.# #.#.# #.......#.#
##.#.###.#.########.#.#.#
...............g@...#.#.#
.....#...########g###.#.#
###..#.#..............#.#
.....#.#.#######.######.#
###.##.#.#...# #.# #.#
###.##.#.#.#.###.# #.#
##.........#...#.# #.####
##..##.#.#####.#.# #....#
##..##.#.......#.# ###.##


You could see 2 gnolls.

Vanquished Creatures
  2 leopard geckos (D:1)
  A giant cockroach (D:1)
  2 goblins (D:1)
  2 hobgoblins (D:1)
  2 frilled lizards (D:1)
  A kobold (D:1)
  2 rats (D:1)
12 creatures vanquished.

Vanquished Creatures (others)
  4 starspawn tentacles (Abyss:2)
4 creatures vanquished.

Grand Total: 16 creatures vanquished

Notes
Turn   | Place    | Note
-------+----------+-------------------------------------------
     0 | Abyss:1  | Gargoyl the Centaur Abyssal Knight began the quest for the
                  | Orb.
     0 | Abyss:1  | Reached XP level 1. HP: 19/19 MP: 2/2
   135 | Abyss:2  | Noticed a large abomination
   137 | Abyss:2  | Noticed a tentacled starspawn
   186 | Abyss:2  | Noticed a ynoxinul
   188 | D:1      | Escaped the Abyss
   387 | D:1      | Reached XP level 2. HP: 24/26 MP: 3/3
   579 | D:1      | Reached * piety under Lugonu
  1062 | D:1      | HP: 1/26 [gnoll/+0 spear of piercing (1)]
  1063 | D:1      | Slain by a gnoll

Action                   || total
-------------------------++-------
Melee: Hand axe          ||    35
       Kick              ||     3
Invok: Depart the Abyss  ||     1
Armor: Leather armour    ||    16
Dodge: Dodged            ||    12
Block: Buckler           ||     1
